 Dungeon Crawl Stone Soup version 0.29-a0-19-gef7f3e67aa (webtiles) character file.

Game seed: 3900090040879042159

137295 Peloso the Hoplite (level 16, -1/149 HPs)
             Began as a Minotaur Fighter on Jan 29, 2022.
             Was a Priest of Okawaru.
             Succumbed to a swamp dragon's poison gas
             ... on level 2 of the Swamp.
             The game lasted 01:19:38 (34661 turns).

Peloso the Hoplite (Minotaur Fighter)              Turns: 34661, Time: 01:19:38

Health: -1/149     AC: 42    Str: 32    XL:     16   Next: 68%
Magic:  17/17      EV:  9    Int:  5    God:    Okawaru [***...]
Gold:   2331       SH: 31    Dex: 16    Spells: 15/15 levels left

rFire   + + +      SeeInvis .   a - +9 double sword of Xodeqiups {flame, Str+2}
rCold   + . .      Faith    .   c - +8 tower shield of Peloato {Str+3}
rNeg    . . .      Spirit   .   G - +11 crystal plate armour of Compression {rC+ Str+2}
rPois   .          Reflect  .   Q - +1 hat {Will+}
rElec   +          Harm     .   (no cloak)
rCorr   +          Rampage  .   P - +1 pair of gloves of Meirifer {rElec rF+++ rCorr Dex-4}
Will    ++...                   (no boots)
Stlth   ..........              (no amulet)
HPRegen 0.34/turn               q - +6 ring of dexterity
MPRegen 0.15/turn               B - +4 ring of protection

@: lethally poisoned (-1 -> -41), studying 2 skills, very slow
A: horns 2, retaliatory headbutt
a: Renounce Religion, Heroism


You were on level 2 of the Swamp.
You worshipped Okawaru.
Okawaru was most pleased with you.
You visited 4 branches of the dungeon, and saw 25 of its levels.
You also visited: Trove and Ice Cave.

You collected 2430 gold pieces.
You spent 99 gold pieces at shops.

Inventory:

Hand Weapons
 a - the +9 double sword of Xodeqiups (weapon) {flame, Str+2}
   (You found it in a treasure trove)

   It burns those it strikes, dealing additional fire damage.
   Big, fiery blades are also staple armaments of hydra-hunters.
   Str:       It affects your strength (+2).
 b - a +4 double sword of electrocution
 i - a +1 double sword of holy wrath
 m - a +3 hand crossbow
Armour
 c - the +8 tower shield of Peloato (worn) {Str+3}
   (Okawaru gifted it to you on level 2 of the Lair of Beasts)

   Str:       It affects your strength (+3).
 G - the +11 crystal plate armour of Compression (worn) {rC+ Str+2}
   (Okawaru gifted it to you on level 1 of the Orcish Mines)

   Str:       It affects your strength (+2).
   rC:        It protects you from cold.
 H - +0 swamp dragon scales
 P - the +1 pair of gloves of Meirifer (worn) {rElec rF+++ rCorr Dex-4}
   (Okawaru gifted it to you on level 11 of the Dungeon)

   Dex:       It affects your dexterity (-4).
   rF:        It renders you almost immune to fire.
   rElec:     It insulates you from electricity.
   rCorr:     It protects you from acid and corrosion.
 Q - a +1 hat of willpower (worn)
Jewellery
 q - a +6 ring of dexterity (left hand)
 y - a ring of poison resistance
 B - a +4 ring of protection (right hand)
Wands
 f - a wand of mindburst (10)
 k - a wand of acid (5)
Scrolls
 h - 6 scrolls of teleportation
 o - 4 scrolls of blinking
 w - 6 scrolls of fear
 x - 5 scrolls of magic mapping
 E - 4 scrolls of immolation
Potions
 d - 6 potions of might
 e - 2 potions of flight
 g - 3 potions of berserk rage
 j - 2 potions of curing
 v - a potion of attraction {unknown}
 C - a potion of haste
 L - a potion of ambrosia {unknown}
 R - a potion of resistance {unknown}
 V - 3 potions of brilliance {unknown}
Miscellaneous
 l - a phantom mirror


   Skills:
 + Level 15.3 Fighting
 + Level 20.6 Long Blades
 + Level 15.8 Armour
 + Level 6.3 Dodging
 + Level 2.1 Stealth
 + Level 21.8 Shields
 + Level 0.2 Unarmed Combat
 + Level 2.8 Invocations
 + Level 1.1 Evocations


You had 15 spell levels left.
You didn't know any spells.
Your spell library contained the following spells:

 Spells                   Type           Power      Damage    Failure   Level
 Apportation              Tloc           0%         N/A       100%        1
 Freeze                   Ice            0%         1d3       100%        1
 Magic Dart               Conj           0%         1d3       100%        1
 Pain                     Necr           0%         1d4       100%        1
 Conjure Flame            Conj/Fire      0%         6-21      100%        3
 Dazzling Flash           Conj/Hex       0%         N/A       100%        3
 Ignite Poison            Fire/Tmut/Pois 0%         N/A       100%        3
 Mephitic Cloud           Conj/Pois/Air  0%         N/A       100%        3
 Ozocubu's Armour         Ice            0%         N/A       100%        3
 Hailstorm                Conj/Ice       0%         3d3       100%        4
 Petrify                  Tmut/Erth      0%         N/A       100%        4
 Sticky Flame             Conj/Fire      0%         2d3       100%        4
 Agony                    Necr           0%         N/A       100%        5
 Borgnjor's Vile Clutch   Necr/Erth      0%         N/A       100%        5
 Excruciating Wounds      Necr           0%         N/A       100%        5
 Freezing Cloud           Conj/Ice/Air   0%         6-21      100%        5
 Iskenderun's Battlesphe  Conj           0%         2d6       100%        5
 Metabolic Englaciation   Hex/Ice        0%         N/A       100%        5
 Silence                  Hex/Air        0%         N/A       100%        5
 Iron Shot                Conj/Erth      0%         9d1       100%        6
 Statue Form              Tmut/Erth      0%         N/A       100%        6
 Storm Form               Tmut/Air       0%         N/A       100%        7
 Maxwell's Capacitive Co  Air            0%         ∞         100%        8
 Animate Skeleton         Necr           Unusable   N/A       N/A         1
 Summon Small Mammal      Summ           Unusable   N/A       N/A         1
 Call Imp                 Summ           Unusable   N/A       N/A         2
 Animate Dead             Necr           Unusable   N/A       N/A         4
 Summon Ice Beast         Ice/Summ       Unusable   N/A       N/A         4
 Summon Lightning Spire   Summ/Air       Unusable   N/A       N/A         4
 Death Channel            Necr           Unusable   N/A       N/A         6
 Spellforged Servitor     Conj/Summ      Unusable   N/A       N/A         7

Dungeon Overview and Level Annotations

Branches:
Dungeon (15/15)            Temple (0/1) D:7            Lair (6/6) D:8
  Swamp (2/4) Lair:2       Spider (0/4) Lair:3        Slime (0/5) Lair:6
    Orc (2/2) D:12            Elf (0/3) Orc:2        Vaults (0/5) D:14
 Depths (0/4) D:15          IceCv (visited)

Altars:
Cheibriados
Elyvilon
Gozag
Okawaru
Sif Muna
Uskayaw
Wu Jian
The Shining One
Jiyva
Lugonu

Shops:
D:6 *(!   Orc:2 =*!!

Portals:
Abyss: Lair:6

Annotations:
D:7 Electric
D:15 Casa


Innate Abilities, Weirdness & Mutations

You have a pair of horns on your head.
You reflexively headbutt those who attack you in melee.


Message History

You are poisoned.
* * * LOW HITPOINT WARNING * * *
You feel very sick.
The swamp dragon bites you but does no damage.
You block the swamp dragon's attack.
The swamp dragon tramples you but does no damage.
You feel better.
You are engulfed in poison gas.
You are poisoned.
* * * LOW HITPOINT WARNING * * *
x2 You feel very sick.
You block the swamp dragon's attack. x2; The swamp dragon misses you.
Unknown command.
You feel better. You block the swamp dragon's attack. x3
Your unstable footing causes you to fumble your attack.
You block the swamp dragon's attack. x3
Unknown command.
Your unstable footing causes you to fumble your attack.
The swamp dragon breathes poison at you.
The blast of poison misses you.
Unknown command.
You completely miss the swamp dragon. Your headbutt misses the swamp dragon.
The swamp dragon is severely wounded.
You are engulfed in poison gas.
You are poisoned.
* * * LOW HITPOINT WARNING * * *
x2 You feel very sick.
Unknown command.
Your unstable footing causes you to fumble your attack.
You are engulfed in poison gas.
You are lethally poisoned!
* * * LOW HITPOINT WARNING * * *
x2 You feel very sick.
You block the swamp dragon's attack. x2
The swamp dragon tramples you but does no damage.
You hit the swamp dragon. You burn the swamp dragon.
You headbutt the swamp dragon, but do no damage.
The swamp dragon is severely wounded.
You are engulfed in poison gas.
You are more poisoned.
You die...

♣)≈≈.≈♣.≈≈♣.. ♣
♣...)≈≈≈≈.♣)### .
.♣≈≈$≈≈≈.≈≈♣.#.#.♣
≈..≈..≈..≈≈♣.#.#.♣♣≈
≈.≈≈≈≈.≈≈≈.♣........
..≈≈≈≈.≈≈≈.♣.......≈
≈♣.≈≈≈.§/§≈.....≈?≈.
≈≈≈..≈≈☼D○°......≈.♣
.≈.≈♣≈°≈@☼≈♣.≈..♣≈.≈
...≈♣♣○☼○☼○..≈≈..♣.♣
≈<≈≈≈≈≈<..♣.≈≈.≈§♣
≈≈≈≈..≈≈≈††.§..♣♣.♣
.≈♣≈≈.≈§≈≈≈≈♣≈≈♣ . §
♣≈≈.≈≈≈.§♣..♣♣
....≈≈≈≈§♣♣..♣
≈.≈.♣.≈♣≈.♣ ≈≈♣
≈.≈.♣...≈♣≈ .♣♣


You could see a swamp dragon.

Vanquished Creatures
  Gastronok (D:12)
  Kirke (D:12)
  Louise (D:14)
  The ghost of Viceroy the Brawler, a journeyman TrFi (Lair:6)
  A reaper (IceCv)
  Nessos (D:12)
  An eleionoma (Swamp:2)
  Azrael (D:11)
  3 bunyips (Swamp:1)
  Josephine (Lair:3)
  Erolcha (D:13)
  A vault guard (D:14)
  3 catoblepae
  7 boulder beetles
  A ghost crab (Swamp:1)
  9 hydras
  6 ogre magi
  The ghost of feta the Grappler, a novice TrFi of Qazlal (D:8)
  An alligator (Swamp:2)
  6 centaur warriors
  26 two-headed ogres
  11 death yaks
  A tengu warrior (D:12)
  4 thrashing horrors (Lair:6)
  A skeletal warrior (D:12)
  Nergalle (Lair:3)
  A glowing orange brain (D:15)
  A death drake (Swamp:2)
  A goliath frog (Swamp:2)
  A spriggan druid (Swamp:1)
  2 large abominations (Lair:6)
  A deep troll (shapeshifter) (D:15)
  An orc knight (Orc:2)
  2 bog bodies (Swamp:1)
  7 deep elf pyromancers
  4 orc sorcerers
  11 ugly things
  An oklob plant (Orc:2)
  A manticore (D:11)
  6 cyclopes
  15 elephants
  13 black mambas
  2 smoke demons (Lair:6)
  A torpor snail (Lair:6)
  13 cane toads
  2 gargoyles
  2 ice statues (IceCv)
  4 molten gargoyles
  An unseen horror (D:12)
  4 rime drakes
  8 komodo dragons
  3 yaktaurs (D:15)
  2 anaconda simulacra (IceCv)
  A kobold demonologist (D:13)
  4 freezing wraiths
  5 ice devils
  An ancient zyme (Lair:6)
  3 entropy weaver simulacra (IceCv)
  A polar bear (shapeshifter) (D:14)
  5 trolls
  A wind drake (shapeshifter) (Lair:6)
  A polar bear (Lair:5)
  3 hornets
  5 tyrant leeches
  A hornet (shapeshifter) (Lair:6)
  9 slime creatures
  24 blink frogs
  9 dream sheep (Lair:6)
  2 spriggans
  4 dire elephant simulacra (IceCv)
  A ynoxinul (Lair:6)
  2 wyverns
  A shadow (D:11)
  5 hogs
  55 yaks
  12 wraiths
  8 basilisks
  A fire elemental (D:11)
  A human (D:12)
  A steam dragon (D:9)
  3 chaos spawn (Lair:6)
  A death yak simulacrum (IceCv)
  A warg (Orc:2)
  4 vampire mosquitoes
  8 swamp worms
  A harpy simulacrum (IceCv)
  14 two-headed ogre zombies (Orc:1)
  10 water moccasins
  14 orc warriors
  4 hell hounds (D:12)
  2 black bears
  4 necrophages
  A hornet zombie (D:8)
  32 ogres
  A sky beast (D:8)
  9 wolves
  13 centaurs
  A kobold brigand (D:13)
  16 bullfrogs
  8 small abominations (Lair:6)
  2 gnoll sergeants
  A wyvern zombie (D:6)
  A scorpion (D:7)
  14 killer bees
  10 wights
  2 electric eels (D:7)
  6 howler monkeys
  5 centaur zombies
  2 bullfrog zombies
  2 lava snakes (D:12)
  2 hounds (D:7)
  3 jellies
  A gnoll shaman (D:8)
  9 orc priests
  Jessica (D:2)
  Natasha (thrice) (D:2)
  4 iguanas
  15 orc wizards
  A spriggan simulacrum (IceCv)
  2 wolf simulacra (IceCv)
  A hound skeleton (D:5)
  Robin (D:2)
  16 gnolls
  2 howler monkey skeletons
  6 adders
  A shadow imp (D:5)
  5 white imps
  3 ufetubi
  A worm (D:2)
  3 dart slugs
  27 orcs
  10 bats
  10 endoplasms
  4 giant cockroaches
  18 goblins
  10 hobgoblins
  11 jackals
  10 kobolds
  4 quokkas
  9 ball pythons
  3 frilled lizards
  13 rats
769 creatures vanquished.

Vanquished Creatures (others)
  A bloated husk (Swamp:2)
  A hog (D:12)
  A swamp drake (Swamp:1)
  A howler monkey (D:12)
  An adder (Lair:3)
  A bush (Lair:6)
  A butterfly (Lair:4)
  43 fungi
  119 plants
169 creatures vanquished.

Grand Total: 938 creatures vanquished

Notes
Turn   | Place    | Note
-------+----------+-------------------------------------------
     0 | D:1      | Peloso the Minotaur Fighter began the quest for the Orb.
     0 | D:1      | Reached XP level 1. HP: 19/19 MP: 0/0
   184 | D:1      | Found a faded altar of an unknown god.
   207 | D:1      | Reached XP level 2. HP: 27/27 MP: 1/1
   544 | D:1      | Reached skill level 4 in Shields
   617 | D:1      | Reached XP level 3. HP: 32/33 MP: 2/2
  1157 | D:2      | Reached XP level 4. HP: 32/40 MP: 3/3
  1183 | D:2      | Noticed Robin
  1217 | D:2      | Killed Robin
  1665 | D:2      | Noticed Jessica
  1668 | D:2      | Noticed Natasha
  1670 | D:2      | Killed Jessica
  1671 | D:2      | Reached XP level 5. HP: 35/47 MP: 4/4
  1678 | D:2      | Killed Natasha
  1818 | D:2      | Reached skill level 5 in Armour
  1880 | D:2      | Noticed Natasha
  1892 | D:2      | Killed Natasha
  2024 | D:3      | Found a glowing golden altar of the Shining One.
  2079 | D:3      | Reached skill level 5 in Long Blades
  2079 | D:3      | Reached skill level 1 in Dodging
  2195 | D:2      | Noticed Natasha
  2200 | D:2      | Killed Natasha
  2201 | D:2      | Reached XP level 6. HP: 27/53 MP: 5/5
  2535 | D:3      | You fall into a shaft and drop 1 floor!
  3363 | D:5      | Entered Level 5 of the Dungeon
  3413 | D:5      | Found an iron altar of Okawaru.
  3413 | D:5      | Found an opulent altar of Gozag.
  3419 | D:5      | Found an ornate altar of the Wu Jian Council.
  3421 | D:5      | Became a worshipper of Warmaster Okawaru
  3445 | D:5      | Noticed a water moccasin
  3449 | D:5      | Killed a water moccasin
  3450 | D:5      | Reached XP level 7. HP: 28/60 MP: 6/6
  3959 | D:5      | Noticed a wyvern
  3964 | D:5      | Killed a wyvern
  3964 | D:5      | Reached * piety under Okawaru
  3965 | D:5      | Reached skill level 5 in Fighting
  4256 | D:6      | Found Zewana's Distillery.
  4256 | D:6      | Found Ohaorash's General Store.
  4279 | D:6      | Reached XP level 8. HP: 50/69 MP: 7/7
  4374 | D:6      | Bought a potion of mutation for 88 gold pieces
  4374 | D:6      | Bought a potion of degeneration for 11 gold pieces
  4457 | D:6      | Reached skill level 5 in Shields
  4703 | D:6      | Found Weschir's Weapon Boutique.
  4898 | D:7      | Found a staircase to the Ecumenical Temple.
  5103 | D:7      | Reached ** piety under Okawaru
  5991 | D:8      | Noticed a death yak
  5999 | D:8      | Found a runed translucent gate.
  5999 | D:8      | Found a runed translucent gate.
  6013 | D:8      | Killed a death yak
  6014 | D:8      | Reached skill level 10 in Long Blades
  6014 | D:8      | Reached skill level 6 in Shields
  6014 | D:8      | Reached XP level 9. HP: 78/78 MP: 8/8
  6026 | D:8      | Found a staircase to the Lair.
  6028 | D:8      | Noticed a death yak
  6028 | D:8      | Noticed a death yak
  6059 | D:7      | Killed a death yak
  6059 | D:7      | Reached *** piety under Okawaru
  6365 | D:7      | Killed a death yak
  6619 | D:8      | Reached **** piety under Okawaru
  6620 | D:8      | Reached XP level 10. HP: 70/86 MP: 9/9
  7536 | D:8      | Noticed a gargoyle
  7555 | D:8      | Reached skill level 7 in Shields
  7558 | D:8      | Killed a gargoyle
  7952 | D:8      | Noticed feta's ghost (novice TrFi)
  7953 | D:8      | Found a runed translucent gate.
  7961 | D:8      | Found a viscous altar of Jiyva.
  8072 | D:9      | Reached skill level 10 in Armour
  9071 | D:10     | Entered Level 10 of the Dungeon
  9132 | D:10     | Reached ***** piety under Okawaru
  9416 | D:10     | Reached skill level 8 in Shields
  9575 | D:10     | Found a shimmering blue altar of Sif Muna.
 10081 | D:10     | Found a hide-covered altar of Uskayaw.
 10313 | D:11     | Noticed a white ugly thing
 10401 | Lair:1   | Entered Level 1 of the Lair of Beasts
 10513 | Lair:1   | Reached XP level 11. HP: 93/93 MP: 10/10
 11388 | Lair:2   | Reached skill level 5 in Dodging
 11682 | Lair:2   | Found a staircase to the Swamp.
 11732 | Lair:2   | Reached skill level 1 in Stealth
 12368 | Lair:2   | Identified the +8 tower shield of Peloato {Str+3} (Okawaru
                  | gifted it to you on level 2 of the Lair of Beasts)
 12368 | Lair:2   | Received a gift from Okawaru
 12492 | Lair:2   | Reached skill level 1 in Invocations
 12503 | Lair:2   | Noticed a five-headed hydra
 12639 | Lair:3   | Noticed a death yak
 12828 | Lair:3   | Reached skill level 9 in Shields
 13170 | Lair:3   | Noticed a death yak
 13181 | Lair:3   | Noticed a death yak
 13199 | Lair:3   | Killed a death yak
 13219 | Lair:3   | Killed a death yak
 13230 | Lair:3   | Killed a death yak
 13231 | Lair:3   | Reached skill level 10 in Shields
 13410 | Lair:3   | Found a hole to the Spider Nest.
 13416 | Lair:3   | Noticed a five-headed hydra
 13448 | Lair:3   | Killed a five-headed hydra
 13537 | Lair:3   | Found the +3 hat of Pondering {ponderous, Will+ MP+10
                  | Int+5}
 13788 | Lair:3   | Reached XP level 12. HP: 106/106 MP: 11/11
 14481 | D:11     | Reached skill level 11 in Shields
 14625 | D:11     | Reached skill level 10 in Fighting
 14743 | D:11     | Noticed a two-headed ogre
 14752 | D:11     | Killed a two-headed ogre
 14963 | D:12     | Noticed a two-headed ogre
 14971 | D:12     | Killed a two-headed ogre
 15341 | D:12     | Noticed a two-headed ogre
 15347 | D:12     | Killed a two-headed ogre
 15348 | D:12     | Reached skill level 12 in Shields
 15349 | D:12     | Noticed Kirke
 15393 | D:12     | Noticed a catoblepas
 15438 | D:12     | Killed a catoblepas
 15438 | D:12     | Identified the +0 pair of gloves "Zuoluz" {rF+ Regen+ Int+4
                  | Dex-2} (Okawaru gifted it to you on level 12 of the
                  | Dungeon)
 15438 | D:12     | Received a gift from Okawaru
 15451 | D:12     | Reached ****** piety under Okawaru
 15453 | D:12     | Noticed a boulder beetle
 15499 | D:12     | Killed a boulder beetle
 15943 | D:12     | Killed Kirke
 16115 | D:12     | Noticed a five-headed hydra
 16115 | D:12     | Noticed Nessos
 16578 | Lair:4   | Noticed a boulder beetle
 16615 | Lair:4   | Killed a boulder beetle
 16804 | Lair:4   | Reached skill level 13 in Shields
 16818 | Lair:4   | Noticed Josephine
 16824 | Lair:4   | Noticed Nergalle
 17412 | D:11     | Killed an eight-headed hydra
 17413 | D:11     | Reached XP level 13. HP: 78/116 MP: 13/13
 17664 | D:12     | Killed Nessos
 17665 | D:12     | Reached skill level 15 in Long Blades
 18325 | D:12     | Reached skill level 14 in Shields
 18585 | D:12     | Found a staircase to the Orcish Mines.
 18739 | D:12     | Noticed Azrael
 19042 | D:11     | Identified the +1 pair of gloves of Meirifer {rElec rF+++
                  | rCorr Dex-4} (Okawaru gifted it to you on level 11 of the
                  | Dungeon)
 19042 | D:11     | Received a gift from Okawaru
 19156 | D:11     | Killed Azrael
 19356 | D:12     | Noticed Gastronok
 19365 | D:12     | Killed Gastronok
 19450 | D:12     | Reached skill level 15 in Shields
 19971 | Lair:4   | Paralysed by a hornet for 3 turns
 20197 | Lair:3   | Killed Josephine
 20201 | Lair:3   | Killed Nergalle
 20739 | Lair:4   | Reached skill level 16 in Shields
 20802 | Lair:4   | Reached XP level 14. HP: 126/126 MP: 14/14
 21335 | Lair:5   | Received a gift from Okawaru
 21802 | Lair:5   | Received a gift from Okawaru
 22201 | Lair:6   | Entered Level 6 of the Lair of Beasts
 22403 | Lair:6   | Reached skill level 17 in Shields
 23158 | Lair:6   | Received a gift from Okawaru
 23624 | Lair:6   | Found a runed translucent door.
 23642 | Lair:6   | Reached skill level 18 in Shields
 24087 | Lair:6   | Received a gift from Okawaru
 24373 | Lair:6   | Reached XP level 15. HP: 132/136 MP: 15/15
 24460 | Lair:6   | Found a white marble altar of Elyvilon.
 24584 | Lair:6   | Found a runed translucent door.
 24584 | Lair:6   | Found a viscous altar of Jiyva.
 24585 | Lair:6   | Found a staircase to the Slime Pits.
 24745 | Lair:6   | Found a corrupted altar of Lugonu.
 24745 | Lair:6   | Found a one-way gate to the infinite horrors of the Abyss.
 24937 | Lair:6   | Noticed Viceroy's ghost (journeyman TrFi)
 25176 | Orc:1    | Entered Level 1 of the Orcish Mines
 25219 | Orc:1    | Found a frozen archway.
 25254 | IceCv    | Entered an ice cave
 25966 | IceCv    | Got the Grimoire of Snow
 26144 | Orc:1    | You fall into a shaft and drop 1 floor!
 26144 | Orc:2    | Entered Level 2 of the Orcish Mines
 26500 | Orc:2    | Reached skill level 19 in Shields
 27138 | Orc:1    | Received a gift from Okawaru
 27331 | Orc:2    | Found a staircase to the Elven Halls.
 27485 | Orc:2    | Found Plog's Assorted Antiques.
 27485 | Orc:2    | Found Plog's Distillery.
 27491 | Orc:2    | Found Sasehiz's Distillery.
 27491 | Orc:2    | Found Axagyi's Jewellery Emporium.
 28312 | Orc:1    | Identified the +11 crystal plate armour of Compression {rC+
                  | Str+2} (Okawaru gifted it to you on level 1 of the Orcish
                  | Mines)
 28312 | Orc:1    | Received a gift from Okawaru
 28888 | Orc:1    | Reached skill level 20 in Shields
 29240 | D:13     | Noticed Erolcha
 29245 | D:13     | Killed Erolcha
 29939 | D:14     | Found a snail-covered altar of Cheibriados.
 29964 | D:14     | Noticed Louise
 30019 | D:14     | Reached skill level 15 in Armour
 30303 | D:14     | Identified the +6 trident "Dragon's Tongue" {drain, Fly
                  | rC+}
 30304 | D:14     | Found a portal to a secret trove of treasure.
 30340 | D:14     | Killed Louise
 30590 | Trove    | Entered a treasure trove
 30604 | Trove    | Identified the +9 double sword of Xodeqiups {flame, Str+2}
 30627 | Trove    | Identified the +7 great sword "Heos" {drain, rCorr}
 30685 | D:14     | Reached XP level 16. HP: 147/147 MP: 17/17
 30740 | D:14     | Found a gate to the Vaults.
 31134 | D:15     | Entered Level 15 of the Dungeon
 31593 | D:15     | Found a staircase to the Depths.
 31880 | D:15     | Reached skill level 21 in Shields
 31921 | D:15     | Reached skill level 15 in Fighting
 32894 | Lair:6   | Killed Viceroy's ghost
 33188 | D:8      | Killed feta's ghost
 33965 | Swamp:1  | Entered Level 1 of the Swamp
 34154 | Swamp:1  | Got the Catalogue of Glacial Stones
 34202 | Swamp:1  | Reached skill level 1 in Evocations
 34650 | Swamp:2  | HP: 7/149 [swamp dragon (7)]
 34651 | Swamp:2  | HP: 2/149 [poisoned by a swamp dragon (poison gas)]
 34660 | Swamp:2  | HP: 7/149 [poisoned by a swamp dragon (poison gas)]
 34661 | Swamp:2  | Succumbed to a swamp dragon's poison gas

Illustrated notes

Levels and vault maps discovered:
D:1:      dpeg_arrival_short_road, layout_basic,
          hellmonk_ecumenical_altar_pennies_from_heaven, minmay_vboxes
D:2:      layout_rooms, minmay_tall_x, uniq_robin, uniq_jessica, uniq_natasha
D:3:      layout_rooms, nicolae_overflow_crystal_walls
D:4:      layout_cave_pools
D:5:      layout_loops_cross, gammafunk_temple_overflow_forgotten
D:6:      layout_rooms, serial_shops, shop_fountains, nicolae_shop_behind_doors,
          nicolae_shop_advertising_works [nicolae_subvault_shop_adworks]
D:7:      layout_basic, minmay_temple_entry_waves, water_boxes_lemuel
D:8:      layout_rooms, dpeg_lair_monsters, gammafunk_ghost_ooze,
          minmay_misc_feat_hallway, nrook_loot_triangle,
          corexii_leaking_fountain, chequers_arboretum, st_stairs_11
D:9:      layout_roguey
D:10:     layout_loops_ring, minitemple, minivault_25_ag
D:11:     layout_basic
D:12:     minmay_the_grid_4x2 [minmay_the_grid_spin_star,
          minmay_the_grid_stretched_grid, minmay_the_grid_small_cups,
          minmay_the_grid_minigrid_small, minmay_the_grid_minigrid_small_alt,
          minmay_the_grid_slots, minmay_the_grid_minigrid_large,
          minmay_the_grid_prize_shrinking_boxes], layout_basic, orc_0_dummy,
          minivault_8, uniq_gastronok, uniq_nessos, uniq_kirke, uniq_azrael
D:13:     layout_loops_ring, uniq_erolcha
D:14:     layout_long_grid, david_vaults_5, enter_trove_1,
          kennysheep_slug_shrine, uniq_louise
D:15:     gammafunk_enter_depths_forms, layout_gridville, minivault_25
Lair:1:   layout_loops_ring, serial_bayou_lagoon_b, lemuel_fruit_fields,
          lemuel_fruit_tree
Lair:2:   layout_cellular_growth, minmay_swamp_entry_worms, serial_bayou_shore_b
Lair:3:   layout_cave_pods, spider_nest_entry_web_field
Lair:4:   minmay_lair_venomous_thicket, layout_small_grid, lemuel_old_faithful,
          grunt_megastairs_3, serial_bayou_shore_a, lemuel_fruit_fields,
          lemuel_fruit_fields, uniq_josephine, uniq_nergalle
Lair:5:   layout_roguey, grunt_megastairs_4
Lair:6:   hellmonk_lair_end_abyssal_woods, layout_gridlike, slime_altar_2,
          basic_altar, ebering_ghost_reflecting_pool, kennysheep_basilisk_garden
Swamp:1:  layout_basic_swamp, nicolae_swamp_fairy_circle,
          infiniplex_staircase_pool
Swamp:2:  layout_falls_marsh, evilmike_swamp_ruin_rubble_2
Orc:1:    lemuel_ogre_cave, layout_caves, portal_ice_cave_demonic_guard
Orc:2:    st_orc_ogre_mass, layout_caves, mines3_lemuel

Skill      XL: |  1  2  3  4  5  6  7  8  9 10 11 12 13 14 15 16 |
---------------+-------------------------------------------------+-----
Armour         | 4 5 6 8 9 11 13 14 15 | 15.8
Fighting       | 4 5 6 7 9 11 12 13 14 15 | 15.3
Shields        | 4 6 8 10 13 16 18 20 21 | 21.8
Long Blades    | 3 4 5 6 7 10 11 13 14 16 17 19 20 | 20.6
Dodging        | 1 2 3 4 5 6 |  6.3
Stealth        | 1 2 |  2.1
Invocations    | 1 2 |  2.8
Evocations     | 1 |  1.1
Unarmed Combat | |  0.2

Action                   |  1- 3 |  4- 6 |  7- 9 | 10-12 | 13-15 | 16-18 || total
-------------------------+-------+-------+-------+-------+-------+-------++-------
Melee: Long sword        |    87 |   164 |   196 |   806 |   208 |       ||  1461
       Headbutt          |    10 |    34 |    52 |   225 |   426 |    82 ||   829
       Unarmed           |       |       |       |     4 |       |       ||     4
       Scimitar          |       |       |       |       |  1358 |       ||  1358
       Double sword      |       |       |       |       |     8 |   265 ||   273
Invok: Heroism           |       |       |     3 |    15 |    24 |       ||    42
Evoke: Wand              |       |       |     2 |     4 |       |     4 ||    10
  Use: Scroll            |       |     4 |     1 |     9 |     6 |     1 ||    21
       Potion            |       |       |     1 |     9 |     4 |    12 ||    26
 Stab: Petrified         |       |       |       |     2 |       |       ||     2
Armor: Scale mail        |    52 |    74 |    32 |       |       |       ||   158
       Chain mail        |       |       |    46 |    86 |       |       ||   132
       Plate armour      |       |       |       |   189 |   365 |       ||   554
       Crystal plate arm |       |       |       |       |   126 |    88 ||   214
Dodge: Dodged            |    53 |    67 |    69 |   197 |   258 |    39 ||   683
Block: Buckler           |    22 |    32 |    48 |   123 |       |       ||   225
       Tower shield      |       |       |       |   453 |  2054 |   348 ||  2855

Table legend: (Time is in decaauts)
 A = Elapsed time spent in this place.
 B = Non-inter-level travel time spent in this place.
 C = Inter-level travel time spent in this place.
 D = Time resting spent in this place.
 E = Time spent auto-exploring this place.
 F = Levels seen in this place.
 G = Mean time per level.
                   A        B        C        D        E       F      G
               +--------+--------+--------+--------+--------+-----+--------+
         Total |  34529 |  32032 |   2497 |   4502 |  19676 |  27 | 1278.9 |
       Dungeon |  19750 |  18056 |   1694 |   2494 |  11459 |  15 | 1316.7 |
          Lair |  10150 |   9449 |    701 |   1389 |   5752 |   6 | 1691.7 |
         Swamp |    707 |    670 |     37 |      0 |    475 |   2 |  353.5 |
  Orcish Mines |   3018 |   2953 |     65 |    270 |   1752 |   2 | 1509.0 |
         Trove |     66 |     66 |      0 |      0 |      0 |   1 |   66.0 |
      Ice Cave |    837 |    837 |      0 |    349 |    237 |   1 |  837.0 |
               +--------+--------+--------+--------+--------+-----+--------+

Top non-repeatable levels by time:
  Lair:6: 2805 daAuts
    D:12: 2770 daAuts
  Lair:3: 2407 daAuts
    D:11: 2250 daAuts
     D:7: 1879 daAuts
  Lair:2: 1809 daAuts
     D:8: 1779 daAuts
   Orc:2: 1722 daAuts
    D:10: 1491 daAuts
    D:14: 1464 daAuts
     D:2: 1348 daAuts
   Orc:1: 1296 daAuts
     D:9: 1252 daAuts
    D:15: 1218 daAuts
  Lair:4: 1119 daAuts
